PUBAAA
CHRISMAN KILLERS @ FORT MYERS ARMADA
08/04/1972
 
TOP OF THE 1ST
Chrisman Killers batting - Pitching for Fort Myers Armada : RHP Steve Hargan
Pitching: RHP Steve Hargan
Batting: RHB Bart McLaughlin 0-0: Ball
1-0: Ball
2-0: Foul Ball, location: 9LDF
2-1: Foul Ball, location: 5F
2-2: Strikes out swinging
Batting: RHB Rennie Stennett 0-0: Ball
1-0: Ball
2-0: Swinging Strike
2-1: Swinging Strike
2-2: Foul Ball, location: 7LSF
2-2: Ball
3-2: Strikes out looking
Batting: RHB Augusto Barrios 0-0: Ball
1-0: Foul Ball, location: 2RF
1-1: Foul Ball, location: 5F
1-2: Ball
2-2: DOUBLE (Line Drive, 78M, EV 91.9 MPH)
Batting: SHB Nelson Dawson 0-0: Ball
1-0: DOUBLE (Line Drive, 9LD, EV 106.3 MPH)
Augusto Barrios scores
Batting: SHB Ken Singleton 0-0: Called Strike
0-1: Swinging Strike
0-2: Foul Ball, location: 5F
0-2: Ball
1-2: Fly out, F7 (Flyball, 7, EV 91.9 MPH)
Top of the 1st over - 1 run, 2 hits, 0 errors, 1 left on base; Chrisman 1 - Fort Myers 0
BOTTOM OF THE 1ST
Fort Myers Armada batting - Pitching for Chrisman Killers : RHP John Clark
Pitching: RHP John Clark
Batting: RHB Garry Maddox 0-0: Ball
1-0: Called Strike
1-1: Called Strike
1-2: Ball
2-2: Foul Ball, location: 2F
2-2: Fly out, F8 (Flyball, 78S, EV 98.1 MPH)
Batting: RHB Gary Farlow 0-0: Ball
1-0: Called Strike
1-1: Fly out, F4 (Popup, 4M, EV 73.8 MPH)
Batting: RHB Willie Bryant 0-0: Called Strike
0-1: Called Strike
0-2: Ball
1-2: Ball
2-2: Strikes out looking
Bottom of the 1st over - 0 runs, 0 hits, 0 errors, 0 left on base; Chrisman 1 - Fort Myers 0
TOP OF THE 2ND
Chrisman Killers batting - Pitching for Fort Myers Armada : RHP Steve Hargan
Batting: RHB Jordon Evans 0-0: Called Strike
0-1: Ball
1-1: Ball
2-1: Ball
3-1: Base on Balls
Batting: RHB John Hudson 0-0: Foul Ball, location: 2F
0-1: Ball
1-1: Called Strike
1-2: Fielders Choice at 2nd, 6-4 (Groundball, 6, EV 90.0 MPH)
Batting: RHB Adrian Ackerman 0-0: Ball
1-0: SINGLE (Line Drive, 4M, EV 105.0 MPH)
John Hudson to second
Batting: RHB Jerry Terrell 0-0: Ball
1-0: Grounds into double play, 6-4-3 (Groundball, 6, EV 98.1 MPH)
Top of the 2nd over - 0 runs, 1 hit, 0 errors, 1 left on base; Chrisman 1 - Fort Myers 0
BOTTOM OF THE 2ND
Fort Myers Armada batting - Pitching for Chrisman Killers : RHP John Clark
Batting: LHB Allen Huber 0-0: Called Strike
0-1: Called Strike
0-2: Ball
1-2: Ball
2-2: Ball
3-2: Base on Balls
Batting: RHB Paul Schaal 0-0: Called Strike
0-1: Ball
1-1: Called Strike
1-2: SINGLE (Groundball, 4MD, EV 99.4 MPH)
Allen Huber to second
Throwing error, E8
Allen Huber scores
Paul Schaal to second
Batting: RHB Joseph McCoy 0-0: Foul Ball, location: 5F
0-1: Foul Ball, location: 23F
0-2: Ball
1-2: Foul Ball, location: 3SF
1-2: Ball
2-2: Strikes out swinging
Batting: SHB Pedro Morales 0-0: Called Strike
0-1: Called Strike
0-2: Ball
1-2: Ball
2-2: Strikes out looking
Batting: LHB Clay Dalrymple 0-0: Ball
1-0: Foul Ball, location: 2LF
1-1: Swinging Strike
1-2: Ball
2-2: Ball
3-2: Foul Ball, location: 5SF
3-2: Ground out 6-3 (Groundball, 6, EV 98.8 MPH)
Bottom of the 2nd over - 1 run, 1 hit, 1 error, 1 left on base; Chrisman 1 - Fort Myers 1
TOP OF THE 3RD
Chrisman Killers batting - Pitching for Fort Myers Armada : RHP Steve Hargan
Batting: RHB Bart McLaughlin 0-0: Swinging Strike
0-1: Called Strike
0-2: Foul Ball, location: 2F
0-2: Ball
1-2: Foul Ball, location: 9LMF
1-2: Strikes out swinging
Batting: RHB Rennie Stennett 0-0: Ball
1-0: Fly out, F4 (Popup, 4, EV 66.9 MPH)
Batting: RHB Augusto Barrios 0-0: Swinging Strike
0-1: Swinging Strike
0-2: Strikes out swinging
Top of the 3rd over - 0 runs, 0 hits, 0 errors, 0 left on base; Chrisman 1 - Fort Myers 1
BOTTOM OF THE 3RD
Fort Myers Armada batting - Pitching for Chrisman Killers : RHP John Clark
Batting: RHB Garry Jestadt 0-0: Foul Ball, location: 2F
0-1: Foul Ball, location: 5F
0-2: Ball
1-2: Foul Ball, location: 7LMF
1-2: Ball
2-2: Fly out, F5 (Popup, 5SF, EV 75.0 MPH)
Batting: RHB Garry Maddox 0-0: Called Strike
0-1: SINGLE (Groundball, 6MS, EV 70.6 MPH) (infield hit)
Batting: RHB Gary Farlow 0-0: Ball
1-0: Ball
2-0: Ball
Garry Maddox steals 2nd base
3-0: Called Strike
3-1: Swinging Strike
3-2: Base on Balls
Batting: RHB Willie Bryant 0-0: Ball
1-0: Ball
2-0: Called Strike
2-1: 3-RUN HOME RUN (Flyball, 78XD, EV 101.3 MPH), Distance : 402 ft
Batting: LHB Allen Huber 0-0: Foul Ball, location: 5F
0-1: Ball
1-1: SINGLE (Flyball, 8RS, EV 93.1 MPH)
Batting: RHB Paul Schaal 0-0: Ball
1-0: Ball
2-0: Ball
3-0: Called Strike
3-1: Called Strike
3-2: Fly out, F9 (Line Drive, 9, EV 93.1 MPH)
Batting: RHB Joseph McCoy 0-0: Called Strike
0-1: Ball
1-1: Foul Ball, location: 2F
1-2: Fielders Choice at 2nd, 6-4 (Groundball, 6, EV 88.1 MPH)
Bottom of the 3rd over - 3 runs, 3 hits, 0 errors, 1 left on base; Chrisman 1 - Fort Myers 4
TOP OF THE 4TH
Chrisman Killers batting - Pitching for Fort Myers Armada : RHP Steve Hargan
Batting: SHB Nelson Dawson 0-0: Fly out, F2 (Popup, 5SF, EV 76.3 MPH)
Batting: SHB Ken Singleton 0-0: Ball
1-0: Foul Ball, location: 2F
1-1: Swinging Strike
1-2: Ball
2-2: Fly out, F8 (Flyball, 8LM, EV 85.0 MPH)
Batting: RHB Jordon Evans 0-0: Called Strike
0-1: Called Strike
0-2: Foul Ball, location: 2F
0-2: DOUBLE (Line Drive, 78D, EV 100.0 MPH)
Batting: RHB John Hudson 0-0: Swinging Strike
0-1: Ground out 5-3 (Groundball, 5S, EV 85.0 MPH)
Top of the 4th over - 0 runs, 1 hit, 0 errors, 1 left on base; Chrisman 1 - Fort Myers 4
BOTTOM OF THE 4TH
Fort Myers Armada batting - Pitching for Chrisman Killers : RHP John Clark
Batting: SHB Pedro Morales 0-0: Ball
1-0: Called Strike
1-1: Ball
2-1: Ball
3-1: Called Strike
3-2: Foul Ball, location: 2F
3-2: Ground out 4-3 (Groundball, 34, EV 83.8 MPH)
Batting: LHB Clay Dalrymple 0-0: Ball
1-0: Ground out 6-3 (Groundball, 6, EV 85.6 MPH)
Batting: RHB Garry Jestadt 0-0: Ball
1-0: Called Strike
1-1: Foul Ball, location: 23F
1-2: Foul Ball, location: 3SF
1-2: Fly out, F7 (Line Drive, 7S, EV 94.4 MPH)
Bottom of the 4th over - 0 runs, 0 hits, 0 errors, 0 left on base; Chrisman 1 - Fort Myers 4
TOP OF THE 5TH
Chrisman Killers batting - Pitching for Fort Myers Armada : RHP Steve Hargan
Batting: RHB Adrian Ackerman 0-0: Ball
1-0: Ball
2-0: Swinging Strike
2-1: Foul Ball, location: 25FF
2-2: Ball
3-2: Foul Ball, location: 5FF
3-2: Base on Balls
Batting: RHB Jerry Terrell 0-0: Ball
1-0: Fly out, F9 (Flyball, 9, EV 87.5 MPH)
Batting: RHB Bart McLaughlin 0-0: Called Strike
0-1: Fly out, F7 (Line Drive, 7LS, EV 92.5 MPH)
Batting: RHB Rennie Stennett 0-0: Ball
1-0: Ball
2-0: SINGLE (Line Drive, 9S, EV 109.4 MPH)
Adrian Ackerman to second
Batting: RHB Augusto Barrios 0-0: Foul Ball, location: 23F
0-1: Ball
1-1: Foul Ball, location: 9LMF
1-2: Ball
2-2: Ball
3-2: DOUBLE (Line Drive, 9LM, EV 101.9 MPH)
Adrian Ackerman scores
Rennie Stennett to third
Rennie Stennett scores
Batting: SHB Nelson Dawson 0-0: Called Strike
0-1: Foul Ball, location: 3SF
0-2: Strikes out looking
Top of the 5th over - 2 runs, 2 hits, 0 errors, 1 left on base; Chrisman 3 - Fort Myers 4
BOTTOM OF THE 5TH
Fort Myers Armada batting - Pitching for Chrisman Killers : RHP John Clark
Batting: RHB Garry Maddox 0-0: Ball
1-0: SOLO HOME RUN (Flyball, 9LD, EV 93.8 MPH), Distance : 335 ft
Pitching: LHP Dennis Davis
Batting: RHB Gary Farlow 0-0: Ball
1-0: Ball
2-0: SINGLE (Groundball, 34D, EV 108.1 MPH)
Batting: RHB Willie Bryant 0-0: Ball
1-0: Called Strike
1-1: Ball
2-1: 2-RUN HOME RUN (Flyball, 9LD, EV 90.0 MPH), Distance : 339 ft
Batting: LHB Allen Huber 0-0: Foul Ball, location: 7LMFF
0-1: Foul Ball, location: 5F
0-2: Strikes out swinging
Batting: RHB Paul Schaal 0-0: Foul Ball, location: 2F
0-1: Swinging Strike
0-2: Ball
1-2: Ball
2-2: Ball
3-2: SOLO HOME RUN (Flyball, 7D, EV 95.0 MPH), Distance : 356 ft
Batting: RHB Joseph McCoy 0-0: Ball
1-0: Ground out 4-3 (Groundball, 4M, EV 101.3 MPH)
Batting: SHB Pedro Morales 0-0: Ground out 6-3 (Groundball, 6, EV 89.4 MPH)
Bottom of the 5th over - 4 runs, 4 hits, 0 errors, 0 left on base; Chrisman 3 - Fort Myers 8
TOP OF THE 6TH
Chrisman Killers batting - Pitching for Fort Myers Armada : RHP Steve Hargan
Batting: SHB Ken Singleton 0-0: Fly out, F8 (Flyball, 8LD, EV 105.0 MPH)
Batting: RHB Jordon Evans 0-0: Ball
1-0: Reached via error on a dropped throw from 3B, E3 (Groundball, 5, EV 103.8 MPH)
Batting: RHB John Hudson 0-0: Fly out, F3 (Popup, 34S, EV 80.0 MPH)
Batting: RHB Adrian Ackerman 0-0: Called Strike
Jordon Evans steals 2nd base
0-1: Foul Ball, location: 3SF
0-2: Foul Ball, location: 7LSF
0-2: Ball
1-2: Strikes out looking
Top of the 6th over - 0 runs, 0 hits, 1 error, 1 left on base; Chrisman 3 - Fort Myers 8
BOTTOM OF THE 6TH
Fort Myers Armada batting - Pitching for Chrisman Killers : LHP Dennis Davis
Batting: LHB Clay Dalrymple 0-0: Swinging Strike
0-1: Ball
1-1: Ball
2-1: Foul Ball, location: 7LSF
2-2: Strikes out swinging
Batting: RHB Garry Jestadt 0-0: Ball
1-0: Foul Ball, location: 9LMF
1-1: Ball
2-1: Ground out 6-3 (Groundball, 4M, EV 106.3 MPH)
Batting: RHB Garry Maddox 0-0: Ground out 2-3 (Groundball, 13S, EV 76.3 MPH)
Bottom of the 6th over - 0 runs, 0 hits, 0 errors, 0 left on base; Chrisman 3 - Fort Myers 8
TOP OF THE 7TH
Chrisman Killers batting - Pitching for Fort Myers Armada : RHP Steve Hargan
Batting: RHB Jerry Terrell 0-0: Fly out, F8 (Line Drive, 6MD, EV 67.5 MPH)
Batting: RHB Bart McLaughlin 0-0: SINGLE (Groundball, 34S, EV 63.8 MPH) (infield hit)
Batting: RHB Rennie Stennett 0-0: Grounds into double play, 5-4-3 (Groundball, 56, EV 103.8 MPH)
Top of the 7th over - 0 runs, 1 hit, 0 errors, 0 left on base; Chrisman 3 - Fort Myers 8
BOTTOM OF THE 7TH
Fort Myers Armada batting - Pitching for Chrisman Killers : LHP Dennis Davis
Batting: RHB Gary Farlow 0-0: Foul Ball, location: 2F
0-1: Swinging Strike
0-2: Strikes out looking
Batting: RHB Willie Bryant 0-0: Called Strike
0-1: Ball
1-1: Foul Ball, location: 25F
1-2: Foul Ball, location: 3FF
1-2: Ball
2-2: Ball
3-2: SINGLE (Groundball, 34D, EV 98.8 MPH) (infield hit)
Batting: LHB Allen Huber 0-0: Ball
1-0: SINGLE (Line Drive, 7S, EV 95.0 MPH)
Willie Bryant to second
Pitching: RHP Mike Stanley
Batting: RHB Paul Schaal 0-0: SINGLE (Line Drive, 78M, EV 93.8 MPH)
Willie Bryant to third
Allen Huber to second
Batting: RHB Joseph McCoy 0-0: Ball
1-0: Fly out, F8 (Line Drive, 8LM, EV 97.5 MPH)
Runner from 3rd tags up, SCORES, throw by CF
Now in CF: Richard Cochran
Batting: SHB Pedro Morales 0-0: Ball
1-0: Ground out 1-3 (Groundball, 15, EV 63.8 MPH)
Bottom of the 7th over - 1 run, 3 hits, 0 errors, 2 left on base; Chrisman 3 - Fort Myers 9
TOP OF THE 8TH
Chrisman Killers batting - Pitching for Fort Myers Armada : RHP Steve Hargan
Batting: RHB Augusto Barrios 0-0: Foul Ball, location: 2LF
0-1: Ground out 6-3 (Groundball, 6MD, EV 97.5 MPH)
Batting: SHB Nelson Dawson 0-0: Swinging Strike
0-1: Swinging Strike
0-2: Ball
1-2: Foul Ball, location: 2F
1-2: Fly out, F7 (Flyball, 7, EV 95.6 MPH)
Batting: SHB Ken Singleton 0-0: Ball
1-0: Ball
2-0: Called Strike
2-1: Swinging Strike
2-2: Strikes out swinging, 2-3 out at first.
Top of the 8th over - 0 runs, 0 hits, 0 errors, 0 left on base; Chrisman 3 - Fort Myers 9
BOTTOM OF THE 8TH
Fort Myers Armada batting - Pitching for Chrisman Killers : RHP Mike Stanley
Batting: LHB Clay Dalrymple 0-0: Ball
1-0: Called Strike
1-1: Ball
2-1: Ball
3-1: Foul Ball, location: 2F
3-2: Foul Ball, location: 23FF
3-2: Foul Ball, location: 2F
3-2: Strikes out looking
Batting: RHB Garry Jestadt 0-0: Ball
1-0: Foul Ball, location: 7LDF
1-1: Ground out 6-3 (Groundball, P, EV 89.4 MPH)
Batting: RHB Garry Maddox 0-0: Ball
1-0: Ball
2-0: Foul Ball, location: 3F
2-1: Ball
3-1: Base on Balls
Batting: RHB Gary Farlow 0-0: Called Strike
0-1: Ball
1-1: Ball
2-1: Ball
3-1: Foul Ball, location: 2F
3-2: Ground out 4-3 (Groundball, 4, EV 91.9 MPH)
Bottom of the 8th over - 0 runs, 0 hits, 0 errors, 1 left on base; Chrisman 3 - Fort Myers 9
TOP OF THE 9TH
Chrisman Killers batting - Pitching for Fort Myers Armada : RHP Steve Hargan
Batting: LHB Richard Cochran 0-0: Called Strike
0-1: Ball
1-1: Fly out, F7 (Flyball, 7, EV 86.3 MPH)
Batting: RHB John Hudson 0-0: Ball
1-0: SINGLE (Groundball, 4S, EV 68.1 MPH) (infield hit)
Batting: RHB Adrian Ackerman 0-0: Called Strike
0-1: Grounds into double play, 5-4-3 (Groundball, 5, EV 110.0 MPH)
Top of the 9th over - 0 runs, 1 hit, 0 errors, 0 left on base; Chrisman 3 - Fort Myers 9
Thursday, April 18th , 2024 - OOTP Baseball 24.8 Build 75